 Dungeon Crawl Stone Soup version 0.31-a0-231-g51bb95cda3 (webtiles) character file.

Game seed: 9828163992636227058

147 qw the Shooter (level 5, -1/30 HPs)
             Began as a Gargoyle Hexslinger on July 6, 2023.
             Slain by an iguana (6 damage)
             ... on level 4 of the Dungeon.
             The game lasted 00:01:02 (2304 turns).

qw the Shooter (Gargoyle Hexslinger)                Turns: 2304, Time: 00:01:02

Health: -1/30      AC:  8    Str: 17    XL:     5   Next: 29%
Magic:  6/6        EV: 11    Int: 14    God:
Gold:   113        SH:  0    Dex: 14    Spells: 5/6 levels left

rFire   . . .        Y - +1 sling
rCold   . . .        (no shield)
rNeg    + . .        a - +0 leather armour
rPois   inf          (no helmet)
rElec   +            (no cloak)
rCorr   .            e - +0 pair of gloves
SInv    .            (no boots)
Will    .....        (no amulet)
Stlth   +            i - +6 ring of strength
HPRegen 0.25/turn    (no ring)
MPRegen 0.10/turn

%: no passive effects
@: no status effects
A: sickness immunity, AC +4, negative energy resistance 1, electricity
resistance, torment resistance 1, petrification resistance
a: no special abilities


You were on level 4 of the Dungeon.
You visited 1 branch of the dungeon, and saw 4 of its levels.

You collected 185 gold pieces.
You spent 72 gold pieces at shops.


Innate Abilities, Weirdness & Mutations

You are immune to sickness and miasma.
Your stone body is resilient. (AC +4)
You are immune to poison.
You resist negative energy. (rN+)
You are resistant to electric shocks. (rElec)
You are resistant to unholy torment.
You are immune to petrification.


   Skills:
 + Level 2.0 Fighting
 - Level 5.1 Ranged Weapons
 - Level 1.5 Dodging
 - Level 1.0 Spellcasting
 - Level 2.6 Hexes


You had 5 spell levels left.
You knew the following spells:

 Your Spells              Type           Power      Damage    Failure   Level
a - Slow                  Hex            32%        N/A       11%         1

Your spell library contained the following spells:

 Spells                   Type           Power      Damage    Failure   Level
 Inner Flame              Hex/Fire       4%         N/A       50%         3
 Portal Projectile        Hex/Tloc       8%         N/A       50%         3
 Cause Fear               Hex            4%         N/A       71%         4

Inventory:

Hand Weapons
 Y - a +1 sling (weapon)
Armour
 a - a +0 leather armour (worn)
 c - a +0 robe
 e - a +0 pair of gloves (worn)
Jewellery
 i - a +6 ring of strength (left hand)
Scrolls
 b - a scroll of vulnerability {unknown}
 m - a scroll of identify
Potions
 d - 2 potions of curing
 g - a potion of enlightenment
 h - a potion of ambrosia {unknown}
 n - a potion of resistance {unknown}

Dungeon Overview and Level Annotations

Branches:
Dungeon (4/15)             Temple (0/1) D:4

Altars:
Makhleb
Zin

Shops:
D:2 [   D:3 ?

Annotations:
D:2 2 transporters


Message History

The iguana is moderately wounded.
The iguana bites you!
2294 ||| DRINKING potion of heal wounds.
You feel much better. The iguana barely misses you.
You shoot a sling bullet.
The sling bullet barely misses the iguana.
The iguana bites you but does no damage.
The iguana hisses menacingly.
The iguana closely misses you.
You shoot a sling bullet. The sling bullet hits the iguana.
The iguana is severely wounded.
The iguana barely misses you.
You shoot a sling bullet.
The sling bullet closely misses the iguana.
The iguana bites you.
You shoot a sling bullet.
The sling bullet barely misses the iguana.
The iguana closely misses you.
You shoot a sling bullet.
The sling bullet hits the iguana but does no damage.
The iguana is severely wounded.
The iguana closely misses you.
You shoot a sling bullet. The sling bullet hits the iguana.
The iguana is severely wounded.
The iguana closely misses you.
You shoot a sling bullet.
The sling bullet closely misses the iguana.
The iguana bites you. The iguana bites you!
You shoot a sling bullet. The sling bullet hits the iguana.
The iguana is severely wounded.
The iguana bites you.
You shoot a sling bullet.
The sling bullet barely misses the iguana.
The iguana bites you.
You shoot a sling bullet.
The sling bullet hits the iguana but does no damage.
The iguana is severely wounded.
The iguana bites you.
You die...

.. .. .>.... .. .. .P.P.
.. .. .... . ##. ...# .
... ....#####.) ...##..
... ....#.#....##.......
... .(.........#)l.....%
.#.......... #..@.......
#..........####.##.<...#
...>....##....##....#
###.........##.........#
...............##......#
..#.........#..# .......
............#### .......
.......##....# .....
......###....# ##...


You could see an iguana.

Vanquished Creatures
  An iguana (D:4)
  An orc wizard (D:4)
  2 adders
  An ufetubus (D:3)
  A worm (D:3)
  3 dart slugs
  6 orcs
  6 bats
  4 endoplasms
  3 giant cockroaches
  3 goblins
  8 hobgoblins
  3 quokkas
  4 ball pythons
  4 frilled lizards
  3 kobolds
  4 rats
57 creatures vanquished.

Notes
Turn   | Place    | Note
-------+----------+-------------------------------------------
     0 | D:1      | qw the Gargoyle Hexslinger began the quest for the Orb.
     0 | D:1      | Reached XP level 1. HP: 12/12 MP: 2/2
     0 | D:1      | 0 ||| qw: Version: 0.3-a-46-gb1f654a
     0 | D:1      | 0 ||| qw: Game counter: 1930
     0 | D:1      | 0 ||| qw: Melee chars always use a shield: true
     0 | D:1      | 0 ||| qw: God list: Okawaru
     0 | D:1      | 0 ||| qw: Allow faded altars: false
     0 | D:1      | 0 ||| qw: Do Orc after clearing Dungeon:15 true
     0 | D:1      | 0 ||| qw: Do second Lair branch before Depths: true
     0 | D:1      | 0 ||| qw: Lair rune preference: random
     0 | D:1      | 0 ||| qw: Goals: Normal
     0 | D:1      | 0 ||| PLANNING D:1-11
   110 | D:1      | Reached XP level 2. HP: 16/16 MP: 3/3
   160 | D:1      | Reached skill level 3 in Ranged Weapons
   325 | D:1      | Reached XP level 3. HP: 21/21 MP: 4/4
   446 | D:1      | 446 ||| UPGRADING to +0 pair of gloves.
   451 | D:1      | 451 ||| DRINKING 2 bubbling inky potions.
   452 | D:1      | 452 ||| DROPPING scroll of poison.
   789 | D:2      | Identified the +8 mace "Boeg" {flame, rC++ Will+ MP+9
                  | Str+2}
  1115 | D:2      | Found a transporter.
  1120 | D:2      | Found Iduasi's Armour Emporium.
  1200 | D:2      | Found a transporter.
  1319 | D:2      | 1319 ||| UPGRADING to +6 ring of strength.
  1487 | D:3      | Found Dunodear's Magic Scroll Emporium.
  1543 | D:3      | 1543 ||| BUYING 2 scrolls of identify (48 gold).
  1543 | D:3      | Bought 2 scrolls of identify for 48 gold pieces
  1543 | D:3      | 1543 ||| SHOPLISTING scroll of enchant weapon (90 gold,
                  | have 71).
  1543 | D:3      | 1543 ||| BUYING scroll of identify (24 gold).
  1543 | D:3      | Bought a scroll of identify for 24 gold pieces
  1589 | D:3      | Found a burning altar of Makhleb.
  1590 | D:3      | Found a glowing silver altar of Zin.
  1590 | D:3      | Noticed an angel
  1591 | D:3      | Noticed an Executioner
  1658 | D:3      | Reached XP level 4. HP: 26/26 MP: 5/5
  1731 | D:3      | Reached skill level 4 in Ranged Weapons
  1974 | D:3      | 1974 ||| READING 2 scrolls labelled PERYIG IXZYCYE.
  1975 | D:3      | 1975 ||| READING scroll labelled XEIH ANYAKLORY.
  1976 | D:3      | 1976 ||| READING scroll labelled MAPTOMMI PABBO.
  1977 | D:3      | 1977 ||| DRINKING 2 bubbling red potions.
  1978 | D:3      | 1978 ||| READING 3 scrolls of identify.
  1978 | D:3      | 1978 ||| IDENTIFYING lumpy puce potion
  1979 | D:3      | 1979 ||| READING 2 scrolls of identify.
  1979 | D:3      | 1979 ||| IDENTIFYING clear potion
  1980 | D:3      | 1980 ||| DROPPING scroll of blinking.
  1981 | D:3      | 1981 ||| DROPPING potion of lignification.
  2008 | D:4      | 2008 ||| STAIRDANCE
  2027 | D:4      | 2027 ||| STAIRDANCE
  2234 | D:4      | HP: 6/26 [iguana (4)]
  2235 | D:4      | 2235 ||| DRINKING 2 potions of heal wounds.
  2244 | D:4      | Reached XP level 5. HP: 24/30 MP: 6/6
  2273 | D:4      | Found a staircase to the Ecumenical Temple.
  2274 | D:4      | 2274 ||| PLANNING TEMPLE
  2275 | D:4      | 2275 ||| UPGRADING to +0 leather armour.
  2291 | D:4      | Reached skill level 5 in Ranged Weapons
  2293 | D:4      | HP: 4/30 [iguana (8)]
  2294 | D:4      | 2294 ||| DRINKING potion of heal wounds.
  2302 | D:4      | HP: 5/30 [iguana (4)]
  2304 | D:4      | Slain by an iguana

Levels and vault maps discovered:
D:1:      ebering_trefoil_twist, layout_rooms
D:2:      layout_loops_corners, serial_shops, nicolae_shop_drivethru,
          kennysheep_cross_room, roderic_three_in_a_row
D:3:      layout_loops_ring, grunt_temple_overflow_order_and_chaos_2,
          serial_shops, shop
D:4:      layout_cave_pools, nicolae_vehumet_altar_sigil,
          minmay_temple_entry_overgrown, serial_glass, glass_columns_b,
          glass_columns_a, skrybe_limestone_x, nicolae_half_adder

Skill      XL: |  1  2  3  4  5 |
---------------+----------------+-----
Ranged Weapons | 3 4 5 |  5.1
Fighting       | 2 |  2.0
Dodging        | |  1.5
Spellcasting   | |  1.0
Hexes          | |  2.6

Action                     |  1- 3 |  4- 6 || total
---------------------------+-------+-------++-------
   Fire: Sling             |   155 |    98 ||   253
    Use: Potion            |     1 |     3 ||     4
         Scroll            |       |     5 ||     5
 Armour: Robe              |    45 |    36 ||    81
         Leather armour    |       |     4 ||     4
  Dodge: Dodged            |    68 |    64 ||   132

Table legend:
 A = Non-vault XP
 B = Vault XP
 C = Vault XP percentage of total XP
 D = Non-vault monster count
 E = Vault monster count
 F = Vault count percentage of total count
                 A         B        C        D         E       F
            +---------+---------+-------+---------+---------+-------
      Total |     211 |       0 |   0.0 |      57 |       0 |   0.0
            +---------+---------+-------+---------+---------+-------
        D:1 |      38 |       0 |   0.0 |      20 |       0 |   0.0
        D:2 |      28 |       0 |   0.0 |      11 |       0 |   0.0
        D:3 |      46 |       0 |   0.0 |      14 |       0 |   0.0
        D:4 |      99 |       0 |   0.0 |      12 |       0 |   0.0
            +---------+---------+-------+---------+---------+-------
